 Dungeon Crawl Stone Soup version 0.19.0-22-gd96e5fe (webtiles) character file.

790 Monsterracer the Ruffian (level 7, -1/68 HPs)
             Began as a Troll Monk on Nov 18, 2016.
             Slain by an orc warrior
             ... wielding a +0 mace
              (10 damage)
             ... on level 6 of the Dungeon.
             The game lasted 00:18:19 (4752 turns).

Monsterracer the Ruffian (Troll Monk)               Turns: 4752, Time: 00:18:20

Health: -1/68      AC:  9    Str: 23    XL:     7   Next: 57%
Magic:  6/6        EV: 11    Int:  6    God:
Gold:   357        SH:  0    Dex: 12    Spells: 0 memorised, 6 levels left

rFire  + + .     SeeInvis .       - Unarmed
rCold  + + .     Gourm    +     s - +2 robe {rC+ rF+}
rNeg   . . .     Faith    .     (no shield)
rPois  +         Spirit   .     (helmet restricted)
rElec  +         Reflect  .     v - +1 cloak
rCorr  +         Harm     .     (gloves unavailable)
MR     .....                    (boots unavailable)
Stlth  ++........               t - amulet of rage
                                (no ring)
                                x - +3 ring of strength

@: resistant
A: unfitting armour, claws 3, fast metabolism 3, gourmand, regeneration 1,
screaming 1, shaggy fur 1, tough skin 2, weak 1, no device heal 1
a: Evoke Berserk Rage


You were on level 6 of the Dungeon.
You were not hungry.

You visited 1 branch of the dungeon, and saw 6 of its levels.
You also visited: Sewer.

You collected 357 gold pieces.

Inventory:

Missiles
 c - 150 stones (quivered)
 k - 16 tomahawks
Armour
 s - a +2 robe of resistance (worn)
 v - a +1 cloak (worn)
Jewellery
 e - an uncursed ring of fire
 t - an amulet of rage (around neck)
 x - a +3 ring of strength (left claw)
Wands
 p - a wand of confusion (33/48)
Scrolls
 h - a scroll of amnesia
 i - 9 scrolls of remove curse
 m - a scroll of fog
 o - 2 scrolls of blinking
 q - 3 scrolls of identify
 w - 3 scrolls of teleportation
Potions
 j - a potion of brilliance
 z - 3 potions of invisibility
 A - 2 potions of flight
 B - a potion of haste
Comestibles
 a - 3 fruits
 b - 5 bread rations
 n - a beef jerky


   Skills:
 + Level 3.9 Fighting
 + Level 3.0 Throwing
 + Level 4.1 Dodging
 - Level 1.0 Stealth
 * Level 6.1 Unarmed Combat


You had 6 spell levels left.
You didn't know any spells.

Dungeon Overview and Level Annotations

Branches:
Dungeon (6/15)             Temple (0/1) D:4

Altars:
Dithmenos
Ru
Sif Muna
Uskayaw
Vehumet
Xom

Shops:
D:5 [


Innate Abilities, Weirdness & Mutations

You are too large for most types of armour.
You have claws for hands.
Your metabolism is lightning-fast.
You like to eat raw meat.
Your natural rate of healing is unusually fast.
You are covered in fur. (AC +1)
You have very tough skin. (AC +2)
You occasionally shout uncontrollably at your foes.
You are weak. (Str -2)
Potions and wands are less effective at restoring your health.


Message History

You scratch the orc warrior.
The orc warrior is severely wounded.
The shadow imp spits at you. The orc warrior misses you.
The orc priest looks satisfied for a moment.
You closely miss the orc warrior.
The orc warrior is severely wounded.
You closely miss the orc warrior.
The orc warrior is severely wounded.
The orc warrior hits you with a mace!
* * * LOW HITPOINT WARNING * * *
Your system partially rejects the healing.
You feel better. The orc warrior closely misses you.
You closely miss the orc warrior.
The orc warrior is severely wounded.
The orc warrior hits you with a mace.
* * * LOW HITPOINT WARNING * * *
Your system partially rejects the healing.
You feel better. The orc warrior hits you with a mace!
You die...

#.# #.# #5o #o#
#o# #o# #o# #@#
#.# #.# #.#
#.######
#......#
######.########
#..........
#.<########


You could see an orc warrior, an orc priest, a shadow imp and 3 orcs.

Vanquished Creatures
  A water moccasin (D:5)
  An ice beast (D:4)
  A centaur (D:5)
  A hound (D:4)
  A bullfrog zombie (D:4)
  2 orc priests (D:4)
  A worker ant (D:4)
  5 orc wizards
  4 adders
  2 adder skeletons
  6 worms
  2 dart slugs
  7 leopard geckos
  26 orcs
  4 giant cockroaches
  5 goblins
  11 hobgoblins
  14 jackals
  A quokka (D:4)
  19 bats
  6 frilled lizards
  9 kobolds
  A quokka skeleton (D:4)
  10 rats
140 creatures vanquished.

Notes
Turn   | Place    | Note
-------+----------+-------------------------------------------
     0 | D:1      | Monsterracer the Troll Monk began the quest for the Orb.
     0 | D:1      | Reached XP level 1. HP: 22/22 MP: 0/0
    97 | D:1      | Reached XP level 2. HP: 29/29 MP: 1/1
   417 | D:1      | Found a shimmering altar of Xom.
   670 | D:2      | Reached XP level 3. HP: 22/36 MP: 2/2
  1170 | D:2      | Reached XP level 4. HP: 44/44 MP: 3/3
  1680 | D:3      | Found a shadowy altar of Dithmenos.
  1690 | D:3      | Reached skill level 4 in Unarmed Combat
  1699 | D:3      | Reached skill level 1 in Throwing
  1767 | D:3      | Reached XP level 5. HP: 53/53 MP: 4/4
  2192 | D:3      | Gained mutation: You occasionally shout uncontrollably at your foes. [potion of mutation]
  2192 | D:3      | Gained mutation: Potions and wands are less effective at restoring your health. [potion of mutation]
  2192 | D:3      | Gained mutation: You are weak. (Str -2) [potion of mutation]
  2264 | D:3      | Found a radiant altar of Vehumet.
  2272 | D:3      | Found a deep blue altar of Sif Muna.
  2285 | D:3      | Found a hide-covered altar of Uskayaw.
  2673 | D:4      | Noticed an ice beast
  2685 | D:4      | Killed an ice beast
  2685 | D:4      | Reached XP level 6. HP: 47/61 MP: 5/5
  2719 | D:4      | Reached skill level 5 in Unarmed Combat
  2921 | D:4      | Found a staircase to the Ecumenical Temple.
  3384 | D:4      | Reached XP level 7. HP: 58/67 MP: 6/6
  3619 | D:4      | Found a sacrificial altar of Ru.
  3843 | D:5      | Entered Level 5 of the Dungeon
  3884 | D:5      | Found a glowing drain.
  3903 | Sewer    | Entered a sewer
  4327 | D:5      | Found Edeisum's Armour Shoppe.
  4404 | D:5      | Reached skill level 6 in Unarmed Combat
  4749 | D:6      | HP: 3/68 [orc warrior/mace (13)]
  4752 | D:6      | Slain by an orc warrior

Skill      XL: |  1  2  3  4  5  6  7 |
---------------+----------------------+-----
Dodging        | 3 4 |  4.1
Fighting       | 3 |  3.9
Unarmed Combat | 4 5 6 |  6.1
Throwing       | 1 2 3 |  3.0
Stealth        | |  1.0

Action                   |  1- 3 |  4- 6 |  7- 9 || total
-------------------------+-------+-------+-------++-------
Melee: Unarmed           |   103 |   193 |   107 ||   403
       Punch             |     3 |     2 |     2 ||     7
Throw: Stone             |    49 |    27 |     8 ||    84
       Tomahawk          |       |     8 |       ||     8
  Use: Potion            |     5 |     5 |     4 ||    14
       Scroll            |       |     2 |    10 ||    12
 Stab: Sleeping          |     3 |       |     1 ||     4
       Distracted        |       |     1 |       ||     1
  Eat: Chunk             |    16 |    16 |    13 ||    45
Armor: Robe              |    57 |    70 |    39 ||   166
Dodge: Dodged            |    65 |    89 |    56 ||   210
